 Dungeon Crawl Stone Soup version 0.28-a0-1002-gf00fe891ef (webtiles) character file.

Game seed: 15809617731332868586

219 ZeroWinrate the Magician (level 5, -1/37 HPs)
             Began as a Vampire Hedge Wizard on Dec 7, 2021.
             Slain by a scorpion (4 damage)
             ... on level 3 of the Dungeon.
             The game lasted 00:08:55 (2636 turns).

ZeroWinrate the Magician (Vampire Hedge Wizard)     Turns: 2636, Time: 00:08:56

Health: -1/37      AC:  2    Str:  9    XL:     5   Next: 63%
Magic:  9/11       EV: 12    Int: 19    God:
Gold:   136        SH:  0    Dex: 13    Spells: 3/12 levels left

rFire   . . .      SeeInvis +   d - +0 dagger (venom)
rCold   . . .      Faith    .   (no shield)
rNeg    . . .      Spirit   .   b - +0 robe
rPois   .          Reflect  .   c - +0 hat
rElec   .          Harm     .   (no cloak)
rCorr   .          Rampage  .   (no gloves)
Will    .....                   (no boots)
Stlth   ++........              (no amulet)
HPRegen 0.32/turn               (no ring)
MPRegen 0.12/turn               (no ring)

@: lethally poisoned (-1 -> -3), attractive, on blink cooldown, healing quickly
A: alive, fangs 3, see invisible, vampiric 2
a: Exsanguinate


You were on level 3 of the Dungeon.
You visited 1 branch of the dungeon, and saw 3 of its levels.

You collected 136 gold pieces.

Inventory:

Hand Weapons
 a - a +0 dagger
 d - a +0 dagger of venom (weapon)
 i - a +2 dagger of speed
Armour
 b - a +0 robe (worn)
 c - a +0 hat (worn)
Scrolls
 e - 2 scrolls of amnesia {unknown}
 f - a scroll of summoning {unknown}
 g - a scroll of enchant weapon {unknown}
 h - a scroll of enchant armour {unknown}
 k - a scroll of fog {unknown}
 l - a scroll of teleportation {unknown}


   Skills:
 + Level 1.0 Fighting
 - Level 2.1 Dodging
 - Level 3.0 Stealth
 + Level 4.4 Spellcasting
 + Level 2.6 Conjurations
 - Level 1.0 Summonings
 - Level 0.7 Translocations
 + Level 1.1 Air Magic
 + Level 1.0 Poison Magic


You had 3 spell levels left.
You knew the following spells:

 Your Spells              Type           Power      Damage    Failure   Level
a - Magic Dart            Conj           56%        1d5       4%          1
b - Slow                  Hex            16%        N/A       13%         1
c - Call Imp              Summ           8%         N/A       13%         2
d - Blink                 Tloc           12%        N/A       16%         2
e - Mephitic Cloud        Conj/Pois/Air  10%        N/A       21%         3

Your spell library contained the following spells:

 Spells                   Type           Power      Damage    Failure   Level
 Conjure Flame            Conj/Fire      9%         6-21      22%         3
 Dazzling Flash           Conj/Hex       18%        N/A       22%         3
 Silence                  Hex/Air        3%         N/A       96%         5
 Agony                    Necr           4%         N/A       98%         5


Dungeon Overview and Level Annotations

Branches:
Dungeon (3/15)

Altars:
Dithmenos
Qazlal


Innate Abilities, Weirdness & Mutations

Your natural rate of healing is accelerated.
You have razor-sharp teeth.
You have supernaturally acute eyesight. (SInv)
You are afflicted with vampirism and can become a bat while bloodless.


Message History

Unknown command.
Unknown command.
Press: ? - help, v - describe, . - travel
Here: a scorpion The floor, spattered with blood.
Unknown command.
Unknown command.
Okay, then.
Unknown command.
Unknown command.
Unknown command.
Unknown command.
Unknown command.
Unknown command.
Unknown command.
Unknown command.
* * * LOW HITPOINT WARNING * * *
You feel very sick.
* * * LOW HITPOINT WARNING * * *
You feel very sick.
Okay, then.
Casting: Mephitic Cloud (quite dangerous; 21% risk of failure)
Confirm with . or Enter, or press ? or * to list all spells.
Okay, then.
Casting: Mephitic Cloud (quite dangerous; 21% risk of failure)
Confirm with . or Enter, or press ? or * to list all spells.
You blink.
* * * LOW HITPOINT WARNING * * *
You feel sick.
It was a potion of attraction.
You feel attractive to monsters.
You feel sick.
Okay, then.
* * * LOW HITPOINT WARNING * * *
You feel sick. The scorpion is attracted toward you.
Casting: Blink (safe; 16% risk of failure)
Confirm with . or Enter, or press ? or * to list all spells.
You are still too unstable to blink.
You feel sick. The scorpion stings you.
You die...

(......# #.# #.# ####...# #.#
#.# #...# #.# #.# ### #.#.##
#.# #.# ##<##
#.#..######.#####.# #...#
####<#...............# #.♣.#
...####..#####.#########...#
.......................#'.##
...##.##..###...@...###.######
...##§###.###....s..#...##...#
...#§§.##..##.......#.♣.'..♣
..#§#.#§##.##.......§...##...#
...§.§§§§§.##...........######
###.#§#.#§.##........###..##
##§§.#....#........# #...#
##§#..##.#........# #.♣.# ###
#§§.###..#+####### #...#


You could see a scorpion.

Vanquished Creatures
  A scorpion (D:3)
  A hound (D:3)
  3 adders (D:2)
  3 gnolls (D:2)
  A dart slug (D:3)
  An orc (D:3)
  3 ball pythons
  4 endoplasms
  3 giant cockroaches
  7 goblins
  3 hobgoblins
  3 jackals
  4 kobolds
  A quokka (D:1)
  6 bats
  A frilled lizard (D:2)
  7 rats
52 creatures vanquished.

Vanquished Creatures (collateral kills)
  An adder (D:2)
  2 hobgoblins (D:1)
  4 jackals
  A goblin (D:1)
  A kobold (D:2)
9 creatures vanquished.

Grand Total: 61 creatures vanquished

Notes
Turn   | Place    | Note
-------+----------+-------------------------------------------
     0 | D:1      | ZeroWinrate the Vampire Hedge Wizard began the quest for
                  | the Orb.
     0 | D:1      | Reached XP level 1. HP: 13/13 MP: 4/4
     5 | D:1      | Learned a level 1 spell: Slow
   258 | D:1      | Reached skill level 1 in Conjurations
   304 | D:1      | Reached XP level 2. HP: 15/19 MP: 4/6
   511 | D:1      | Learned a level 2 spell: Call Imp
   514 | D:1      | Learned a level 2 spell: Blink
   652 | D:1      | Gained mutation: You are afflicted with vampirism and can
                  | become a bat while bloodless. [Vampire growth]
   652 | D:1      | Reached XP level 3. HP: 24/24 MP: 5/8
  1014 | D:2      | Found a faded altar of an unknown god.
  1186 | D:2      | Reached XP level 4. HP: 30/30 MP: 9/9
  1305 | D:2      | Learned a level 3 spell: Mephitic Cloud
  1340 | D:2      | Reached skill level 4 in Spellcasting
  1929 | D:3      | Noticed a scorpion
  1948 | D:3      | Killed a scorpion
  1949 | D:3      | Reached XP level 5. HP: 31/36 MP: 3/11
  2153 | D:3      | Found a stormy altar of Qazlal.
  2156 | D:3      | Noticed a fire elemental
  2171 | D:3      | Reached skill level 1 in Fighting
  2171 | D:3      | Reached skill level 1 in Air Magic
  2369 | D:3      | Reached skill level 1 in Poison Magic
  2414 | D:3      | Found a shadowy altar of Dithmenos.
  2561 | D:3      | Noticed a water elemental
  2561 | D:3      | Noticed an air elemental
  2636 | D:3      | Slain by a scorpion

Illustrated notes

Levels and vault maps discovered:
D:1:      lightli_arrival_quake, layout_loops_ring, st_stairs_3
D:2:      layout_basic, hellmonk_ecumenical_altar_leap_of_faith,
          solitary_fountain
D:3:      layout_basic, grunt_dithmenos_smoke_and_mirrors,
          nicolae_qazlal_style_of_elements, grunt_ministairs_4

Skill      XL: |  1  2  3  4  5 |
---------------+----------------+-----
Conjurations   | 1 2 |  2.6
Spellcasting   | 4 |  4.4
Fighting       | 1 |  1.0
Air Magic      | 1 |  1.1
Poison Magic   | 1 |  1.0
Dodging        | |  2.1
Stealth        | |  3.0
Summonings     | |  1.0
Translocations | |  0.7

Action                   |  1- 3 |  4- 6 || total
-------------------------+-------+-------++-------
Melee: Dagger            |    49 |    64 ||   113
       Bite              |     2 |     2 ||     4
 Cast: Magic Dart        |    21 |       ||    21
       Call Imp          |     6 |     4 ||    10
       Mephitic Cloud    |       |     1 ||     1
       Blink             |       |     1 ||     1
  Use: Potion            |       |     1 ||     1
 Stab: Sleeping          |     7 |     5 ||    12
Armor: Robe              |    12 |     8 ||    20
Dodge: Dodged            |    29 |    42 ||    71

Table legend: (Time is in decaauts)
 A = Elapsed time spent in this place.
 B = Non-inter-level travel time spent in this place.
 C = Inter-level travel time spent in this place.
 D = Time resting spent in this place.
 E = Time spent auto-exploring this place.
 F = Levels seen in this place.
 G = Mean time per level.
                   A        B        C        D        E       F      G
               +--------+--------+--------+--------+--------+-----+--------+
         Total |   2634 |   2572 |     62 |    160 |   1884 |   3 |  878.0 |
       Dungeon |   2634 |   2572 |     62 |    160 |   1884 |   3 |  878.0 |
               +--------+--------+--------+--------+--------+-----+--------+

Top non-repeatable levels by time:
     D:2: 1071 daAuts
     D:1: 846 daAuts
     D:3: 716 daAuts
